 Dungeon Crawl Stone Soup version 0.30-a0-860-g512cf1e979 (webtiles) character file.

Game seed: 10654529856880586894

87 ProzacElf the Slasher (level 4, -1/33 HPs)
             Began as a Djinni Reaver on Mar 8, 2023.
             Slain by a gnoll
             ... wielding a +0 spear
              (8 damage)
             ... on level 3 of the Dungeon.
             The game lasted 00:06:31 (2016 turns).

ProzacElf the Slasher (Djinni Reaver)               Turns: 2016, Time: 00:06:32

Health: -1/33      AC:  3    Str: 11    XL:     4   Next: 80%
Gold:   66         EV: 11    Int: 17    God:
                   SH:  0    Dex: 11

rFire   + + .      SeeInvis .    a - +0 scimitar
rCold   x . .      Faith    .    (no shield)
rNeg    . . .      Spirit   .    f - +0 leather armour
rPois   ∞          Reflect  .    (no helmet)
rElec   .          Rampage  .    (no cloak)
rCorr   .                        (no gloves)
Will    .....                    (boots unavailable)
Stlth   +                        (no amulet)
HPRegen 0.25/turn                (no ring)
MPRegen 0.00/turn                (no ring)

@: flying
A: sickness immunity, fire resistance 2, cold vulnerability 1, float, innate
caster, HP casting, extra vitality 1
a: no special abilities


You were on level 3 of the Dungeon.
You visited 1 branch of the dungeon, and saw 3 of its levels.

You collected 129 gold pieces.
You spent 63 gold pieces at shops.

Inventory:

Hand Weapons
 a - a +0 scimitar (weapon)
 b - a +0 dagger of draining
 n - a +0 falchion
 o - a +1 dagger of pain
 w - a +2 heavy sling
Missiles
 g - 30 stones
Armour
 f - a +0 leather armour (worn)
 k - a +0 ring mail
Scrolls
 d - a scroll of enchant weapon {unknown}
 e - a scroll of butterflies {unknown}
 h - a scroll of vulnerability {unknown}
 l - a scroll of teleportation {unknown}
 m - a scroll of immolation {unknown}
 p - a scroll of identify
Potions
 c - a potion of flight {unknown}
 i - 2 potions of curing
 j - a potion of degeneration {unknown}
 q - a potion of lignification {unknown}


   Skills:
 - Level 2.0 Fighting
 + Level 3.8 Long Blades
 - Level 2.1 Dodging
 + Level 3.3 Spellcasting


You knew the following spells:

 Your Spells              Type           Power      Damage    Failure   Level
a - Kiss of Death         Conj/Necr      56%        2d9       6%          1
b - Momentum Strike       Conj/Tloc      28%        3d8       9%          2
c - Hailstorm             Conj/Ice       14%        3d5       17%         3
d - Necrotise             Necr           56%        1d6       6%          1
Your spell library was empty.

Dungeon Overview and Level Annotations

Branches:
Dungeon (3/15)

Altars:

Shops:
D:1 (   D:2 *[!!!


Innate Abilities, Weirdness & Mutations

You are immune to sickness and miasma.
You are immune to poison.
Your flesh is very heat resistant. (rF++)
You are vulnerable to cold. (rC-)
You float through the air rather than walking.
You learn spells naturally, not from books.
Your magical power is your life essence.
You have superior vitality. (+4 MHP)


Message History

a +0 falchion; a +0 rin' mail Thar be an entrance ta Osalytu's Distillery 'ere.
Done 'splorin'.
(D) Dungeon Where ta? (Enter - D:2, ? - help)
What level o' tha Dungeon? (default 1, ? - help) Ye see 'ere a +0 short sword.
Thar be a stone staircase leadin' down 'ere.
Ye fly downwards.
Tha gnoll shouts!
Ye hear a shout! x2
Found a scroll labelled GEGIRO VURAEC.
Thar be a stone staircase leadin' up 'ere.
A gnoll be nearby!
A gnoll comes inta view.
It be wieldin' a +0 flail.
Tha gnoll shouts!
Ye hear a shout!
Tha gnoll misses ye.
A gnoll comes inta view.
It be wieldin' a +0 flail.
Tha gnoll shouts!
Tha gnoll moves outta view.
A gnoll comes inta view.
It be wieldin' a +0 spear.
Ye closely miss tha gnoll.
Tha gnoll shouts!
Tha gnoll hits ye wit' a +0 spear.
Ye take 3 damage, an' haf 30/33 hp.
Ye hit tha gnoll but do nay damage.
Tha gnoll hits ye wit' a +0 flail.
Tha gnoll hits ye from afar wit' a +0 spear!
Tha gnoll hits ye but does nay damage.
A hobgoblin comes inta view.
Ye take 7 damage, an' haf 23/33 hp.
MASSIVE DAMAGE!!
Ye barely miss tha gnoll.
Tha hobgoblin shouts!
Ye punch tha gnoll.
Tha gnoll be lightly wounded.
Tha gnoll hits ye wit' a +0 flail.
Tha gnoll misses ye.
Tha gnoll hits ye wit' a +0 spear.
Ye take 10 damage, an' haf 13/33 hp.
MASSIVE DAMAGE!!
Tha gnoll attacks as ye move away!
Tha gnoll hits ye wit' a +0 flail.
* * * LOW HITPOINT WARNIN'
* * * Tha gnoll hits ye from afar wit' a +0 spear!
Ye die...

#######
#.....## .#
+......#..#
##........#
#...<.....#
#..@......#
#g......#.#
#g#####.#
#g .# .g #
... #.## #.
#.


You could see 3 gnolls.

Vanquished Creatures
  4 adders (D:2)
  A worm (D:2)
  A dart slug (D:1)
  2 ball pythons
  3 endoplasms (D:1)
  3 giant cockroaches (D:1)
  5 goblins
  5 hobgoblins
  5 kobolds
  A quokka (D:1)
  5 bats
  3 frilled lizards
  8 rats
46 creatures vanquished.

Notes
Turn   | Place    | Note
-------+----------+-------------------------------------------
     0 | D:1      | ProzacElf the Djinni Reaver began the quest for the Orb.
     0 | D:1      | ProzacElf set off with the following spells memorised: Kiss
                  | of Death, Momentum Strike, Hailstorm.
     0 | D:1      | Reached XP level 1. HP: 18/18 MP: 0/0
   113 | D:1      | Reached XP level 2. HP: 22/23 MP: 0/0
   569 | D:1      | Reached XP level 3. HP: 15/25 MP: 0/0
   569 | D:1      | Learned a level 1 spell: Necrotise
   876 | D:1      | Found Xuly's Antique Weapon Shop.
  1127 | D:2      | Found Hutul's Distillery.
  1136 | D:2      | Bought a potion of curing for 39 gold pieces
  1349 | D:2      | Reached XP level 4. HP: 31/33 MP: 0/0
  1362 | D:2      | Found Jaqozoda's General Store.
  1371 | D:2      | Bought a scroll of identify for 24 gold pieces
  1460 | D:2      | Found Xesk's Armour Emporium.
  1741 | D:2      | Found Osalytu's Distillery.
  1816 | D:2      | Found Ceqiu's Distillery.
  2016 | D:3      | Slain by a gnoll

Illustrated notes

Levels and vault maps discovered:
D:1:      amcnicky_arrival_single_pillar, layout_basic, serial_shops,
          nicolae_shop_hallway_plus
D:2:      layout_loops_ring, serial_shops, shop, shop, shop_statue, shop,
          nicolae_shop_stone
D:3:      layout_basic, mainiacjoe_overflow_cross_hatched, lemuel_crystal_altar

Skill      XL: |  1  2  3 |
---------------+----------+-----
Long Blades    | 3 |  3.8
Spellcasting   | 3 |  3.3
Fighting       | |  2.0
Dodging        | |  2.1

Action                     |  1- 3 |  4- 6 || total
---------------------------+-------+-------++-------
  Melee: Falchion          |   111 |       ||   111
         Punch             |     1 |     1 ||     2
         Scimitar          |     6 |    57 ||    63
   Cast: Kiss of Death     |     1 |       ||     1
 Armour: Leather armour    |    46 |    16 ||    62
  Dodge: Dodged            |    75 |    47 ||   122

Table legend: (Time is in decaauts)
 A = Elapsed time spent in this place.
 B = Non-inter-level travel time spent in this place.
 C = Inter-level travel time spent in this place.
 D = Time resting spent in this place.
 E = Time spent auto-exploring this place.
 F = Levels seen in this place.
 G = Mean time per level.
                   A        B        C        D        E       F      G
               +--------+--------+--------+--------+--------+-----+--------+
         Total |   2044 |   1959 |     85 |    216 |   1343 |   3 |  681.3 |
       Dungeon |   2044 |   1959 |     85 |    216 |   1343 |   3 |  681.3 |
               +--------+--------+--------+--------+--------+-----+--------+

Top non-repeatable levels by time:
     D:1: 1116 daAuts
     D:2: 921 daAuts
     D:3: 6 daAuts
